 Dungeon Crawl Stone Soup version 0.29.0-4-gdea44cf6ec (webtiles) character file.

Game seed: 12151144383936411227

4408 qw the Grappler (level 10, -7/92 HPs)
             Began as a Troll Cinder Acolyte on Aug 31, 2022.
             Was a Believer of Ignis.
             Blown up by Maurice (11 damage)
             ... with a mindburst bolt
             ... on level 8 of the Dungeon.
             The game lasted 00:04:03 (6705 turns).

qw the Grappler (Troll Cinder Acolyte)              Turns: 6705, Time: 00:04:04

Health: -7/92      AC: 19    Str: 28    XL:     10   Next: 14%
Magic:  10/10      EV:  6    Int: 10    God:    Ignis [**....]
Gold:   0          SH: 13    Dex:  5    Spells: 11/11 levels left

rFire   + . .      SeeInvis .     - Unarmed
rCold   . . .      Faith    .   a - +0 tower shield
rNeg    . . .      Spirit   .   i - +0 acid dragon scales
rPois   .          Reflect  .   (helmet restricted)
rElec   .          Harm     .   (no cloak)
rCorr   +          Rampage  .   (gloves unavailable)
Will    .....                   (boots unavailable)
Stlth   ..........              (no amulet)
HPRegen 1.05/turn               e - +4 ring of protection
MPRegen 0.12/turn               (no ring)

@: about to teleport, fiery-armoured
A: large, unfitting armour, claws 3, regeneration 1, shaggy fur 1, tough skin 1
a: Renounce Religion, Fiery Armour, Foxfire Swarm, Rising Flame


You were on level 8 of the Dungeon.
You worshipped Ignis.
Ignis was pleased with you.
You visited 1 branch of the dungeon, and saw 8 of its levels.

You collected 132 gold pieces.
You spent 132 gold pieces at shops.


Innate Abilities, Weirdness & Mutations

You are too large for most types of armour.
You have claws for hands.
Your natural rate of healing is unusually fast.
You are covered in fur. (AC +1)
You have tough skin. (AC +1)


   Skills:
 - Level 4.0 Fighting
 - Level 1.2 Armour
 - Level 1.3 Dodging
 + Level 9.2 Shields
 - Level 10.2 Unarmed Combat
 - Level 1.0 Spellcasting
 - Level 2.1 Fire Magic


You had 11 spell levels left.
You didn't know any spells.
Your spell library contained the following spells:

 Spells                   Type           Power      Damage    Failure   Level
 Scorch                   Fire           8%         2d5       75%         2

Inventory:

Armour
 a - a +0 tower shield (worn)
 i - +0 acid dragon scales (worn)
Jewellery
 e - a +4 ring of protection (left claw)
Scrolls
 b - 3 scrolls of identify
 k - a scroll of teleportation
Potions
 c - 4 potions of curing
 g - a potion of magic {unknown}

Dungeon Overview and Level Annotations

Branches:
Dungeon (8/15)             Temple (0/1) D:6            Lair (0/5) D:8

Altars:
Gozag
Nemelex Xobeh
Ru
Wu Jian
Xom
Zin

Shops:
D:7 *   D:8 *

Annotations:
D:7 2 runed translucent doors
D:8 Maurice


Message History

Something tries to affect you, but you resist.
You swing at nothing.
You hear a zap.
Your mind is blasted!
You swing at nothing.
You block something's attack. Something hits you but does no damage.
You swing at nothing.
Something hits you.
Something grunts, "Curses!"
You swing at nothing.
You hear some strange, mumbled words.
You swing at nothing.
You hear a zap.
Your mind is blasted!
You swing at nothing.
You swing at nothing.
Something hits you but does no damage.
You swing at nothing.
You hear a zap.
Something tries to affect you, but you resist.
You swing at nothing.
Something completely misses you. Something hits you but does no damage.
You swing at nothing.
Maurice appears from thin air!
Reactivating autopickup.
Maurice zaps a wand.
You struggle to resist.
Maurice zaps a wand.
Your mind is blasted!
6702 ||| READING 2 scrolls of teleportation.
As you read the scroll of teleportation, it crumbles to dust.
You feel strangely unstable. Maurice hits you but does no damage.
6703 ||| INVOKING Fiery Armour.
A protective cloak of flame settles atop you.
You block Maurice's attack. Maurice hits you but does no damage.
Maurice zaps a wand.
Your mind is blasted!
You barely miss Maurice.
Maurice is heavily wounded.
Maurice zaps a wand.
You struggle to resist.
Maurice zaps a wand.
Your mind is blasted!
You die...

...............
........................
........................
........................
........................
........#'#######'######
....)...#.......#......#
......@.#.......#......#
.......@#.......#......'
...###...## #....###
######.....##############
#(..#.......#..........#.
........#...#.......#..........'.
........#......................#.
........#...................<..#.
........#.......>..............#.
.......####...)...).'#####'####+


You could see Maurice (fast, swift, resistant).

Vanquished Creatures
  Pikel (D:7)
  Maggie (D:6)
  Sigmund (D:3)
  3 yaks (D:8)
  2 wargs (D:8)
  2 water moccasins
  3 black bears
  3 ice beasts
  An orc warrior (D:7)
  2 ogres
  A lemure (D:7)
  A phantom (D:6)
  A kobold brigand (D:6)
  A bullfrog (D:7)
  2 scorpions
  3 gnoll sergeants
  7 wights (D:7)
  2 howler monkeys (D:7)
  3 hounds
  2 jellies
  4 orc priests
  5 iguanas
  4 orc wizards
  Terence (D:3)
  6 gnolls
  7 adders
  A shadow imp (D:6)
  3 white imps
  An ufetubus (D:5)
  2 worms (D:2)
  A dart slug (D:4)
  35 orcs
  9 endoplasms
  A giant cockroach (D:1)
  7 hobgoblins
  15 jackals
  4 quokkas
  3 ball pythons
  6 bats
  2 frilled lizards
  4 goblins
  6 kobolds
  2 rats
171 creatures vanquished.

Notes
Turn   | Place    | Note
-------+----------+-------------------------------------------
     0 | D:1      | qw the Troll Cinder Acolyte began the quest for the Orb.
     0 | D:1      | Reached XP level 1. HP: 22/22 MP: 1/1
     0 | D:1      | 0 ||| qw: Version: 0.1-a-97-g2dd2ca4
     0 | D:1      | 0 ||| qw: Game counter: 4484
     0 | D:1      | 0 ||| qw: Always use a shield: true
     0 | D:1      | 0 ||| qw: God list: Okawaru
     0 | D:1      | 0 ||| qw: Allow faded altars: false
     0 | D:1      | 0 ||| qw: Do Orc after D:15 true
     0 | D:1      | 0 ||| qw: Do second Lair branch before Depths: true
     0 | D:1      | 0 ||| qw: Lair rune preference: random
     0 | D:1      | 0 ||| qw: Plans: Normal
     0 | D:1      | 0 ||| PLANNING D:1-11
   117 | D:1      | 117 ||| Stepping ~*~*~tactically~*~*~ (stealth).
   118 | D:1      | 118 ||| Stepping ~*~*~tactically~*~*~ (stealth).
   130 | D:1      | Reached XP level 2. HP: 24/29 MP: 2/2
   432 | D:1      | Found a faded altar of an unknown god.
   437 | D:1      | 437 ||| Stepping ~*~*~tactically~*~*~ (stealth).
   444 | D:1      | Reached skill level 4 in Unarmed Combat
   608 | D:1      | 608 ||| READING scroll labelled JUCHEF EKHLETA.
   609 | D:1      | 609 ||| READING 2 scrolls labelled KOHEOSEPUEFF.
   676 | D:2      | 676 ||| STAIRDANCE
   688 | D:2      | Reached XP level 3. HP: 36/36 MP: 3/3
   741 | D:2      | 741 ||| Stepping ~*~*~tactically~*~*~ (outnumbered).
   749 | D:2      | 749 ||| Stepping ~*~*~tactically~*~*~ (outnumbered).
   754 | D:2      | 754 ||| INVOKING Fiery Armour.
   758 | D:2      | HP: 9/36 [frozen (2)]
   868 | D:2      | Found a glowing silver altar of Zin.
   918 | D:2      | Reached XP level 4. HP: 44/44 MP: 4/4
  1027 | D:2      | Reached skill level 5 in Unarmed Combat
  1263 | D:2      | 1263 ||| READING scroll labelled CISHELO EFUE.
  1264 | D:2      | 1264 ||| READING scroll labelled FIHIL RIUPICY.
  1265 | D:2      | 1265 ||| READING scroll labelled ITHRISCH GENE.
  1266 | D:2      | 1266 ||| READING scroll labelled KAASET JILE.
  1338 | D:3      | Noticed Terence
  1348 | D:3      | Killed Terence
  1523 | D:3      | 1523 ||| Stepping ~*~*~tactically~*~*~ (hiding).
  1618 | D:3      | Noticed a gnoll sergeant
  1619 | D:3      | 1619 ||| Stepping ~*~*~tactically~*~*~ (hiding).
  1628 | D:3      | Killed a gnoll sergeant
  1629 | D:3      | Reached skill level 6 in Unarmed Combat
  1629 | D:3      | Reached XP level 5. HP: 33/50 MP: 5/5
  1630 | D:3      | 1630 ||| FLEEEEING.
  1632 | D:3      | 1632 ||| FLEEEEING.
  1633 | D:3      | 1633 ||| FLEEEEING.
  1634 | D:3      | 1634 ||| FLEEEEING.
  1635 | D:3      | 1635 ||| FLEEEEING.
  1636 | D:3      | 1636 ||| FLEEEEING.
  1637 | D:3      | 1637 ||| FLEEEEING.
  1638 | D:3      | 1638 ||| FLEEEEING.
  1639 | D:3      | 1639 ||| FLEEEEING.
  1640 | D:3      | 1640 ||| FLEEEEING.
  1641 | D:3      | 1641 ||| FLEEEEING.
  1789 | D:3      | 1789 ||| Stepping ~*~*~tactically~*~*~ (stealth).
  1827 | D:3      | 1827 ||| Stepping ~*~*~tactically~*~*~ (hiding).
  2158 | D:3      | Noticed Sigmund
  2159 | D:3      | 2159 ||| Stepping ~*~*~tactically~*~*~ (hiding).
  2165 | D:3      | Killed Sigmund
  2166 | D:3      | Reached skill level 7 in Unarmed Combat
  2166 | D:3      | Reached XP level 6. HP: 54/59 MP: 6/6
  2395 | D:3      | 2395 ||| UPGRADING to +4 ring of protection.
  2396 | D:3      | 2396 ||| READING scroll labelled ZITE MICZOAKK.
  2397 | D:3      | 2397 ||| DRINKING 3 grey potions.
  2581 | D:4      | 2581 ||| Stepping ~*~*~tactically~*~*~ (hiding).
  2704 | D:4      | 2704 ||| Stepping ~*~*~tactically~*~*~ (stealth).
  2706 | D:4      | 2706 ||| Stepping ~*~*~tactically~*~*~ (hiding).
  2707 | D:4      | 2707 ||| Stepping ~*~*~tactically~*~*~ (hiding).
  2710 | D:4      | 2710 ||| Stepping ~*~*~tactically~*~*~ (hiding).
  2711 | D:4      | 2711 ||| Stepping ~*~*~tactically~*~*~ (hiding).
  2713 | D:4      | 2713 ||| Stepping ~*~*~tactically~*~*~ (outnumbered).
  2771 | D:4      | Found a sparkling altar of Nemelex Xobeh.
  3267 | D:4      | Reached skill level 8 in Unarmed Combat
  3267 | D:4      | Reached XP level 7. HP: 61/66 MP: 7/7
  3325 | D:4      | 3325 ||| READING scroll labelled INO GUF CUNNA.
  3357 | D:4      | 3357 ||| DRINKING 2 emerald potions.
  3358 | D:4      | 3358 ||| READING 2 scrolls of identify.
  3358 | D:4      | 3358 ||| IDENTIFYING viscous clear potion
  3359 | D:4      | 3359 ||| DROPPING potion of attraction.
  3388 | D:5      | Entered Level 5 of the Dungeon
  3389 | D:5      | 3389 ||| INVOKING Fiery Armour.
  3390 | D:5      | 3390 ||| STAIRDANCE
  3403 | D:5      | 3403 ||| STAIRDANCE
  3408 | D:5      | 3408 ||| STAIRDANCE
  3421 | D:5      | 3421 ||| STAIRDANCE
  3451 | D:5      | 3451 ||| Stepping ~*~*~tactically~*~*~ (stealth).
  3453 | D:5      | 3453 ||| Stepping ~*~*~tactically~*~*~ (stealth).
  3460 | D:5      | Reached skill level 3 in Fighting
  3471 | D:5      | 3471 ||| Stepping ~*~*~tactically~*~*~ (stealth).
  3487 | D:5      | 3487 ||| Stepping ~*~*~tactically~*~*~ (stealth).
  3561 | D:5      | 3561 ||| Stepping ~*~*~tactically~*~*~ (stealth).
  3616 | D:5      | 3616 ||| Stepping ~*~*~tactically~*~*~ (outnumbered).
  3617 | D:5      | 3617 ||| Stepping ~*~*~tactically~*~*~ (outnumbered).
  3618 | D:5      | 3618 ||| Stepping ~*~*~tactically~*~*~ (outnumbered).
  3619 | D:5      | 3619 ||| Stepping ~*~*~tactically~*~*~ (outnumbered).
  3621 | D:5      | 3621 ||| Stepping ~*~*~tactically~*~*~ (outnumbered).
  3623 | D:5      | 3623 ||| FLEEEEING.
  3624 | D:5      | 3624 ||| FLEEEEING.
  3625 | D:5      | 3625 ||| FLEEEEING.
  3626 | D:5      | 3626 ||| FLEEEEING.
  3627 | D:5      | 3627 ||| FLEEEEING.
  3628 | D:5      | 3628 ||| STAIRDANCE
  3635 | D:4      | 3635 ||| READING 2 scrolls labelled XOUPAU FUSMO.
  3636 | D:4      | 3636 ||| READING scroll labelled RIDOFASAEX.
  3637 | D:4      | 3637 ||| DRINKING 2 ruby potions.
  3638 | D:4      | 3638 ||| READING 2 scrolls of identify.
  3638 | D:4      | 3638 ||| IDENTIFYING bubbling black potion
  3639 | D:4      | 3639 ||| DROPPING potion of degeneration.
  3640 | D:4      | 3640 ||| DROPPING potion of lignification.
  3655 | D:5      | Reached skill level 9 in Unarmed Combat
  3823 | D:5      | Reached XP level 8. HP: 67/75 MP: 8/8
  3871 | D:5      | 3871 ||| Stepping ~*~*~tactically~*~*~ (stealth).
  3873 | D:5      | 3873 ||| Stepping ~*~*~tactically~*~*~ (hiding).
  3874 | D:5      | 3874 ||| INVOKING Fiery Armour.
  3879 | D:5      | 3879 ||| Stepping ~*~*~tactically~*~*~ (outnumbered).
  3882 | D:5      | 3882 ||| Stepping ~*~*~tactically~*~*~ (outnumbered).
  3892 | D:5      | Reached skill level 10 in Unarmed Combat
  4059 | D:5      | 4059 ||| UPGRADING to +0 kite shield.
  4090 | D:6      | 4090 ||| Stepping ~*~*~tactically~*~*~ (hiding).
  4103 | D:6      | Reached skill level 1 in Shields
  4123 | D:6      | 4123 ||| INVOKING Fiery Armour.
  4260 | D:6      | 4260 ||| Stepping ~*~*~tactically~*~*~ (stealth).
  4267 | D:6      | Reached skill level 3 in Shields
  4386 | D:6      | Found a staircase to the Ecumenical Temple.
  4429 | D:6      | Noticed Maggie
  4430 | D:6      | 4430 ||| Stepping ~*~*~tactically~*~*~ (hiding).
  4431 | D:6      | 4431 ||| Stepping ~*~*~tactically~*~*~ (hiding).
  4445 | D:6      | Killed Maggie
  4453 | D:6      | 4453 ||| FLEEEEING.
  4454 | D:6      | 4454 ||| FLEEEEING.
  4455 | D:6      | 4455 ||| FLEEEEING.
  4457 | D:6      | 4457 ||| FLEEEEING.
  4459 | D:6      | 4459 ||| FLEEEEING.
  4460 | D:6      | 4460 ||| FLEEEEING.
  4461 | D:6      | 4461 ||| FLEEEEING.
  4462 | D:6      | 4462 ||| FLEEEEING.
  4463 | D:6      | 4463 ||| FLEEEEING.
  4464 | D:6      | 4464 ||| FLEEEEING.
  4521 | D:6      | Found a shimmering altar of Xom.
  4574 | D:6      | Reached XP level 9. HP: 75/83 MP: 9/9
  4653 | D:6      | 4653 ||| Stepping ~*~*~tactically~*~*~ (stealth).
  4660 | D:6      | Found a sacrificial altar of Ru.
  4848 | D:6      | Reached skill level 6 in Shields
  4883 | D:6      | 4883 ||| UPGRADING to +0 acid dragon scales.
  4893 | D:6      | 4893 ||| DROPPING +0 robe.
  4894 | D:6      | 4894 ||| DRINKING 2 fuming dark potions.
  4895 | D:6      | 4895 ||| READING 2 scrolls of identify.
  4895 | D:6      | 4895 ||| IDENTIFYING inky potion
  4923 | D:7      | 4923 ||| Stepping ~*~*~tactically~*~*~ (hiding).
  4935 | D:7      | Reached skill level 1 in Armour
  5089 | D:7      | Noticed Pikel
  5090 | D:7      | 5090 ||| Stepping ~*~*~tactically~*~*~ (outnumbered).
  5105 | D:7      | Killed Pikel
  5140 | D:7      | Found a large runed translucent door.
  5141 | D:7      | Found a large runed translucent door.
  5170 | D:7      | Found Umalequpp's General Store.
  5212 | D:7      | 5212 ||| SHOPLISTING amulet of the acrobat (330 gold, have
                  | 315).
  5212 | D:7      | 5212 ||| BUYING potion of haste (110 gold).
  5212 | D:7      | Bought a potion of haste for 110 gold pieces
  5212 | D:7      | 5212 ||| BUYING scroll of identify (22 gold).
  5212 | D:7      | Bought a scroll of identify for 22 gold pieces
  5218 | D:7      | Reached skill level 1 in Dodging
  5238 | D:7      | 5238 ||| INVOKING Fiery Armour.
  5376 | D:7      | 5376 ||| Stepping ~*~*~tactically~*~*~ (stealth).
  5377 | D:7      | 5377 ||| Stepping ~*~*~tactically~*~*~ (stealth).
  5378 | D:7      | 5378 ||| Stepping ~*~*~tactically~*~*~ (stealth).
  5379 | D:7      | 5379 ||| Stepping ~*~*~tactically~*~*~ (stealth).
  5382 | D:7      | 5382 ||| Stepping ~*~*~tactically~*~*~ (hiding).
  5383 | D:7      | 5383 ||| Stepping ~*~*~tactically~*~*~ (hiding).
  5384 | D:7      | 5384 ||| Stepping ~*~*~tactically~*~*~ (hiding).
  5548 | D:7      | 5548 ||| Stepping ~*~*~tactically~*~*~ (stealth).
  5850 | D:7      | 5850 ||| UPGRADING to +0 tower shield.
  5860 | D:7      | 5860 ||| DROPPING +0 kite shield.
  5861 | D:7      | 5861 ||| READING scroll labelled NOLEUSMOFELL.
  5862 | D:7      | 5862 ||| DRINKING 2 coppery potions.
  5963 | D:7      | 5963 ||| READING 3 scrolls of identify.
  5963 | D:7      | 5963 ||| IDENTIFYING golden potion
  5964 | D:7      | 5964 ||| DROPPING potion of ambrosia.
  5965 | D:7      | 5965 ||| DROPPING potion of brilliance.
  5996 | D:8      | Found Deseukut's Sacrilege Store.
  6051 | D:8      | 6051 ||| Stepping ~*~*~tactically~*~*~ (hiding).
  6060 | D:8      | 6060 ||| Stepping ~*~*~tactically~*~*~ (outnumbered).
  6061 | D:8      | 6061 ||| Stepping ~*~*~tactically~*~*~ (outnumbered).
  6062 | D:8      | 6062 ||| Stepping ~*~*~tactically~*~*~ (outnumbered).
  6063 | D:8      | 6063 ||| Stepping ~*~*~tactically~*~*~ (outnumbered).
  6064 | D:8      | 6064 ||| Stepping ~*~*~tactically~*~*~ (outnumbered).
  6065 | D:8      | 6065 ||| Stepping ~*~*~tactically~*~*~ (outnumbered).
  6118 | D:8      | 6118 ||| Stepping ~*~*~tactically~*~*~ (stealth).
  6123 | D:8      | 6123 ||| Stepping ~*~*~tactically~*~*~ (outnumbered).
  6125 | D:8      | 6125 ||| Stepping ~*~*~tactically~*~*~ (outnumbered).
  6127 | D:8      | 6127 ||| Stepping ~*~*~tactically~*~*~ (outnumbered).
  6128 | D:8      | 6128 ||| Stepping ~*~*~tactically~*~*~ (outnumbered).
  6143 | D:8      | Reached XP level 10. HP: 69/92 MP: 10/10
  6174 | D:8      | Found an opulent altar of Gozag.
  6180 | D:8      | Found an ornate altar of the Wu Jian Council.
  6275 | D:8      | 6275 ||| INVOKING Fiery Armour.
  6276 | D:8      | Found a staircase to the Lair.
  6280 | D:8      | 6280 ||| Stepping ~*~*~tactically~*~*~ (outnumbered).
  6287 | D:8      | Reached skill level 9 in Shields
  6287 | D:8      | HP: 19/92 [orc priest/divine providence (13)]
  6288 | D:8      | 6288 ||| READING 3 scrolls of teleportation.
  6289 | D:8      | 6289 ||| DRINKING 2 potions of heal wounds.
  6394 | D:8      | 6394 ||| Invisible monster not found???
  6407 | D:8      | 6407 ||| Stepping ~*~*~tactically~*~*~ (stealth).
  6409 | D:8      | 6409 ||| Stepping ~*~*~tactically~*~*~ (stealth).
  6411 | D:8      | 6411 ||| Stepping ~*~*~tactically~*~*~ (stealth).
  6428 | D:8      | 6428 ||| Stepping ~*~*~tactically~*~*~ (stealth).
  6429 | D:8      | 6429 ||| Stepping ~*~*~tactically~*~*~ (stealth).
  6430 | D:8      | 6430 ||| Stepping ~*~*~tactically~*~*~ (stealth).
  6437 | D:8      | 6437 ||| Stepping ~*~*~tactically~*~*~ (outnumbered).
  6646 | D:8      | 6646 ||| DRINKING 5 potions of curing.
  6646 | D:8      | 6646 ||| (to cure confusion)
  6656 | D:8      | Noticed Maurice
  6657 | D:8      | 6657 ||| FLEEEEING.
  6658 | D:8      | 6658 ||| Stepping ~*~*~tactically~*~*~ (hiding).
  6696 | D:8      | HP: 14/92 [disintegration (18)]
  6701 | D:8      | HP: 15/92 [disintegration (4)]
  6702 | D:8      | 6702 ||| READING 2 scrolls of teleportation.
  6703 | D:8      | 6703 ||| INVOKING Fiery Armour.
  6704 | D:8      | HP: 3/92 [disintegration (15)]
  6705 | D:8      | Blown up by Maurice

Levels and vault maps discovered:
D:1:      dpeg_arrival_prison, layout_rooms, ebering_ecumenical_altar_mist
D:2:      layout_rooms, basic_altar, minmay_pentomino_u2
D:3:      layout_basic, palyth_stone_intersect, uniq_terence, uniq_sigmund
D:4:      layout_basic, mainiacjoe_overflow_alcove_4,
          chequers_serial_rivers_room_b
D:5:      layout_cave_pools, minmay_manual_moon
D:6:      layout_loops_cross, general_overflow_altar, nicolae_ru_awakened_eye,
          minmay_temple_entry_offerings, hangedman_decor_push,
          minmay_misc_feat_secret_circle, uniq_maggie
D:7:      layout_loops_cross, jmf_multi_god_temple2, serial_shops,
          nicolae_shop_crystal, chequers_serial_rivers_large_b, uniq_pikel
D:8:      layout_gridville, grunt_temple_overflow_open,
          erik_lair_orcish_takeover, nicolae_evil_shop, uniq_maurice

Skill      XL: |  1  2  3  4  5  6  7  8  9 10 |
---------------+-------------------------------+-----
Unarmed Combat | 4 6 7 8 9 10 | 10.2
Fighting       | 3 4 |  4.0
Shields        | 5 8 9 |  9.2
Armour         | 1 |  1.2
Dodging        | 1 |  1.3
Spellcasting   | |  1.0
Fire Magic     | |  2.1

Action                   |  1- 3 |  4- 6 |  7- 9 | 10-12 || total
-------------------------+-------+-------+-------+-------++-------
Melee: Unarmed           |    93 |   105 |   240 |    38 ||   476
       Punch             |     1 |     2 |     1 |       ||     4
Invok: Fiery Armour      |     1 |       |     4 |     2 ||     7
  Use: Scroll            |     2 |     5 |     8 |     2 ||    17
       Potion            |       |     1 |     4 |     2 ||     7
Armor: Robe              |    39 |    23 |    49 |       ||   111
       Acid dragon scale |       |       |    33 |    37 ||    70
Dodge: Dodged            |    54 |    35 |    70 |    11 ||   170
Block: Kite shield       |       |       |    26 |       ||    26
       Tower shield      |       |       |    24 |    27 ||    51

Table legend:
 A = Non-vault XP
 B = Vault XP
 C = Vault XP percentage of total XP
 D = Non-vault monster count
 E = Vault monster count
 F = Vault count percentage of total count
                 A         B        C        D         E       F
            +---------+---------+-------+---------+---------+-------
      Total |    4141 |    2157 |  34.2 |     149 |      21 |  12.4
            +---------+---------+-------+---------+---------+-------
        D:1 |      35 |       2 |   5.4 |      22 |       1 |   4.3
        D:2 |      58 |       7 |  10.8 |      18 |       2 |  10.0
        D:3 |     152 |     267 |  63.7 |      19 |       2 |   9.5
        D:4 |     269 |       0 |   0.0 |      23 |       0 |   0.0
        D:5 |     636 |     302 |  32.2 |      16 |       7 |  30.4
        D:6 |     930 |     434 |  31.8 |      18 |       1 |   5.3
        D:7 |    1162 |     697 |  37.5 |      20 |       1 |   4.8
        D:8 |     899 |     448 |  33.3 |      13 |       7 |  35.0
            +---------+---------+-------+---------+---------+-------
